cohdb
Replays
Latest Replays
All Replays
Popular Replays
Top Player Replays
Match Explorer
How It Works
Community
CoH3 Stats
Reddit
Sign in to upload your games and track your stats! →
Sign in with Steam
Match 40226909
Unlisted
Match 40226909
Overview
Messages
Build Orders
End
Panzergrenadier Squad
Panzergrenadier Squad
Panzergrenadier Squad
Construct Light Support Kompanie
Fire Support Elements
MG34 Team
Assault Mechanized Group
Pak 38 Anti-tank Gun Team
Construct Panzerarmee Kommand
2.5-tonne Medical Truck
Panzer III L Medium Tank
le.IG 18 Mechanized Group
Combat Half-tracks
Armored Reserves
Veteran Squad Leaders
Saueee
eliass0101
oziligath
-AL- Nimahfrosch
0
0
Comments
sign in to comment!
No comments posted yet!